 Dungeon Crawl Stone Soup version 0.30-a0-23-ge60ba3568b (webtiles) character file.

Game seed: 13101577799042286941

41 ytrimaz the Insei (level 3, -1/23 HPs)
             Began as an Octopode Transmuter on Aug 25, 2022.
             Slain by Terence
             ... wielding a +0 flail
              (4 damage)
             ... on level 2 of the Dungeon.
             The game lasted 00:00:59 (1308 turns).

ytrimaz the Insei (Octopode Transmuter)             Turns: 1308, Time: 00:01:00

Health: -1/23      AC:  1    Str:  9    XL:     3   Next: 52%
Magic:  5/6        EV: 13    Int: 17    God:
Gold:   9          SH:  0    Dex: 12    Spells: 5/6 levels left

rFire   . . .      SeeInvis .      - Unarmed
rCold   . . .      Faith    .    (no shield)
rNeg    + . .      Spirit   .    (helmet currently unavailable)
rPois   .          Reflect  .    (no amulet)
rElec   .          Harm     .    c - ring of positive energy
rCorr   .          Rampage  .    (no ring)
Will    .....                    (no ring)
Stlth   ++........               (no ring)
HPRegen 0.07/turn                (no ring)
MPRegen 0.10/turn                (no ring)
                                 (no ring)
                                 (no ring)

@: appendages
A: tentacle spike 3, almost no armour, amphibious, 8 rings, camouflage 1,
gelatinous body 1, (nimble swimmer 1), tentacles, beak
a: End Transformation


You were on level 2 of the Dungeon.
One of your tentacles had grown a beastly spike.
You visited 1 branch of the dungeon, and saw 2 of its levels.

You collected 9 gold pieces.

Inventory:

Jewellery
 c - a ring of positive energy (left tentacle)
Scrolls
 d - a scroll of teleportation {unknown}
 e - a scroll of amnesia {unknown}
 f - a scroll of vulnerability {unknown}
Potions
 a - a potion of lignification


   Skills:
 - Level 1.0 Fighting
 - Level 2.0 Dodging
 + Level 3.8 Unarmed Combat
 + Level 2.4 Spellcasting
 + Level 2.5 Transmutations


You had 5 spell levels left.
You knew the following spells:

 Your Spells              Type           Power      Damage    Failure   Level
a - Beastly Appendage     Tmut           20%        N/A       7%          1

Your spell library contained the following spells:

 Spells                   Type           Power      Damage    Failure   Level
 Wereblood                Tmut           10%        N/A       10%         2
 Poisonous Vapours        Pois/Air       4%         N/A       28%         2
 Sublimation of Blood     Necr           2%         N/A       28%         2
 Spider Form              Tmut/Pois      6%         N/A       32%         3
 Ice Form                 Ice/Tmut       6%         N/A       73%         4
 Corpse Rot               Necr/Pois/Air  2%         N/A       88%         4
 Summon Hydra             Summ           1%         N/A       100%        7


Dungeon Overview and Level Annotations

Branches:
Dungeon (1/15)

Altars:

Annotations:
D:2 Terence


Innate Abilities, Weirdness & Mutations

One of your tentacles has grown a beastly spike.
You cannot wear most types of armour.
You are amphibious.
You can wear up to eight rings at the same time.
Your skin changes colour to match your surroundings (Stealth+).
Your rubbery body absorbs attacks. (AC +1, EV +1)
((You are camouflaged when in or above water. (Stealth+)))
You have tentacles for arms and can constrict up to eight enemies at once.
You have a beak for a mouth.


Message History

A worm is nearby!
You tentacle-slap the worm but do no damage.
You grab the worm. You constrict the worm. You barely miss the worm.
You squeeze the worm.
The worm is moderately wounded.
You constrict the worm. The worm closely misses you.
Unknown command.
You barely miss the worm.
The worm is moderately wounded.
You constrict the worm.
Unknown command.
You tentacle-slap the worm but do no damage.
You tentacle-slap the worm. You squeeze the worm.
The worm is heavily wounded.
You constrict the worm. The worm barely misses you.
You tentacle-slap the worm.
The worm is almost dead.
You constrict the worm.
You tentacle-slap the worm but do no damage.
You tentacle-slap the worm, but do no damage.
The worm is almost dead.
You constrict the worm.
You kill the worm!
A worm comes into view.
You see here a worm corpse.
Unknown command.
A worm is nearby!
A worm is nearby!
A worm is nearby!
Terence the Incautious comes into view.
He is wielding a +0 flail.
Terence shouts!
One of your tentacles grows a vicious spike.
The worm bites you!
Ouch! That really hurt!
* * * LOW HITPOINT WARNING * * *
You are too injured to fight recklessly!
You barely miss the worm. You grab the worm. You squeeze the worm!
The worm is heavily wounded.
You constrict the worm. Terence hits you with a +0 flail.
You die...

#+ #. .. .
#.##########.#######
#######.........(.......#
............... ........##
#............# #........
+(...........+ +........
#........@w..# #.....÷..
#........@...# #........
###............# #.####...
........!......#####+####..)
...........)................
.......†..$(............####
........................####
........#.........#.........
........###.###.###.........
........#..P......#.##......


You could see Terence and a worm.

Vanquished Creatures
  2 adders (D:2)
  A worm (D:2)
  5 ball pythons
  5 bats (D:1)
  A giant cockroach (D:2)
  3 hobgoblins
  A frilled lizard (D:1)
  A goblin (D:2)
  3 rats
22 creatures vanquished.

Vanquished Creatures (others)
  6 fungi (D:2)
  2 plants (D:2)
8 creatures vanquished.

Grand Total: 30 creatures vanquished

Notes
Turn   | Place    | Note
-------+----------+-------------------------------------------
     0 | D:1      | ytrimaz the Octopode Transmuter began the quest for the
                  | Orb.
     0 | D:1      | Reached XP level 1. HP: 13/13 MP: 3/3
   228 | D:1      | Reached XP level 2. HP: 16/18 MP: 5/5
   752 | D:1      | You fall into a shaft and drop 1 floor!
   916 | D:2      | Identified the +8 dagger of Dowdy Guilt {vorpal, Contam rC+
                  | Dex+7}
   929 | D:2      | Reached XP level 3. HP: 18/23 MP: 4/6
   934 | D:2      | Gained mutation: You have a beak for a mouth. [potion of
                  | mutation]
   936 | D:2      | HP: 1/34 [poisoned by an adder]
  1304 | D:2      | Noticed Terence
  1308 | D:2      | Slain by Terence

Illustrated notes

Levels and vault maps discovered:
D:1:      roderic_lyre, layout_basic, grunt_decor_one_mirror,
          minmay_pentomino_x2
D:2:      layout_basic, shapermc_ecumenical_altar_mp_urbaneastern, basic_altar,
          minmay_close_crescents, uniq_terence

Action                   || total
-------------------------++-------
Melee: Unarmed           ||    41
       Tentacles         ||     9
       Constrict         ||     9
       Kick              ||     7
       Punch             ||     5
       Peck              ||     1
 Cast: Beastly Appendage ||    15
  Use: Scroll            ||     2
       Potion            ||     2
 Stab: Sleeping          ||     4
Armor: Skin              ||     4
Dodge: Dodged            ||    24

Table legend: (Time is in decaauts)
 A = Elapsed time spent in this place.
 B = Non-inter-level travel time spent in this place.
 C = Inter-level travel time spent in this place.
 D = Time resting spent in this place.
 E = Time spent auto-exploring this place.
 F = Levels seen in this place.
 G = Mean time per level.
                   A        B        C        D        E       F      G
               +--------+--------+--------+--------+--------+-----+--------+
         Total |   1304 |   1304 |      0 |      0 |   1114 |   2 |  652.0 |
       Dungeon |   1304 |   1304 |      0 |      0 |   1114 |   2 |  652.0 |
               +--------+--------+--------+--------+--------+-----+--------+

Top non-repeatable levels by time:
     D:1: 750 daAuts
     D:2: 554 daAuts
